 Dungeon Crawl Stone Soup version 0.20-a0-430-gb54fec0 (webtiles) character file.

2281 Implojin the Grappler (level 9, -3/72 HPs)
             Began as a Mummy Fighter on Jan 12, 2017.
             Killed by divine providence
             ... invoked by a bezotted orc priest
              (12 damage)
             ... on level 6 of the Dungeon.
             The game lasted 00:23:34 (7910 turns).

Implojin the Grappler (Mummy Fighter)               Turns: 7910, Time: 00:23:35

Health: -3/72      AC:  9    Str: 19    XL:     9   Next: 16%
Magic:  9/9        EV:  7    Int:  8    God:
Gold:   323        SH:  9    Dex: 14    Spells: 8/8 levels left

rFire  x . .     SeeInvis .       - Unarmed
rCold  + + .     Gourm    .     i - +0 scale mail
rNeg   + + +     Faith    .     b - +0 shield
rPois  ∞         Spirit   .     (no helmet)
rElec  .         Reflect  .     r - +2 cloak (curse)
rCorr  .         Harm     .     (no gloves)
MR     +....                    (no boots)
Stlth  ..........               (no amulet)
                                (no ring)
                                s - ring of protection from cold

@: about to teleport
A: no food or potions, fire vulnerability, cold resistance 1, negative energy
resistance 3, torment resistance, unbreathing
a: no special abilities


You were on level 6 of the Dungeon.
You were not hungry.

You visited 2 branches of the dungeon, and saw 7 of its levels.

You collected 323 gold pieces.

Inventory:

Hand Weapons
 a - a +1 dagger of venom
 g - a +1 war axe of freezing
 k - a +0 flail
 m - a +0 short sword of speed
 t - a +0 rapier
Missiles
 c - a poisoned javelin (quivered)
 n - 4 curare-tipped needles
 o - 39 sling bullets
Armour
 b - a +0 shield (worn)
 h - a +0 ring mail
 i - a +0 scale mail (worn)
 l - a +0 chain mail
 q - a +2 leather armour of cold resistance
 r - a cursed +2 cloak (worn)
Jewellery
 s - a ring of protection from cold (left hand)
Wands
 f - a wand of iceblast (0/15)
Scrolls
 d - a scroll of identify
 e - a scroll of enchant armour
 j - a scroll of fog
 u - a scroll of enchant weapon
 w - a scroll of remove curse
Books
 p - a book of the Earth

   Spells                             Type                      Level
   a - Leda's Liquefaction            Hexes/Earth                  4
   b - Bolt of Magma                  Conjuration/Fire/Earth       5
   c - Statue Form                    Transmutation/Earth          6
   d - Iron Shot                      Conjuration/Earth            6
   e - Shatter                        Earth                        9


   Skills:
 * Level 7.0 Fighting
 - Level 2.4 Armour
 - Level 2.4 Shields
 - Level 9.0 Unarmed Combat


You had 8 spell levels left.
You didn't know any spells.

Dungeon Overview and Level Annotations

Branches:
Dungeon (6/15)             Temple (1/1) D:4

Altars:
Ashenzari
Cheibriados
Dithmenos
Fedhas
Gozag
Kikubaaqudgha
Makhleb
Nemelex Xobeh
Qazlal
Trog
Uskayaw
Vehumet
Xom
Yredelemnul
Zin
The Shining One

Shops:
D:5 [

Annotations:
D:3 !ogre near stairs, care
D:4 exclusion: upstairs


Innate Abilities, Weirdness & Mutations

You do not eat or drink.
Your flesh is vulnerable to fire.
You are immune to poison.
Your flesh is cold resistant. (rC+)
You are immune to negative energy. (rN+++)
You are immune to unholy pain and torment.
You can survive without breathing.


Message History

Unknown command.
Unknown command.
You closely miss the bezotted orc priest.
The bezotted orc priest is lightly wounded.
The bezotted orc priest hits you with a flail.
* * * LOW HITPOINT WARNING * * *
Unknown command.
You hit the bezotted orc priest but do no damage.
The bezotted orc priest is lightly wounded.
The bezotted orc priest invokes the aid of Beogh against you.
You resist with significant effort.
You closely miss the bezotted orc priest.
The bezotted orc priest is lightly wounded.
The bezotted orc priest mumbles some strange prayers to Beogh against you.
Beogh smites you!
* * * LOW HITPOINT WARNING * * *
Unknown command.
You closely miss the bezotted orc priest.
The bezotted orc priest is lightly wounded.
The bezotted orc priest looks more healthy.
The bezotted orc priest invokes the aid of Beogh against you.
Beogh smites you!
* * * LOW HITPOINT WARNING * * *
Unknown command.
Okay, then.
You can't drink.
Unknown command.
Evoke which item? (* to show all) (? for menu, Esc to quit)
Okay, then.
As you read the scroll of teleportation, it crumbles to dust.
You feel strangely unstable.
The bezotted orc priest hits you but does no damage.
Your shield prevents you from hitting the bezotted orc priest.
The bezotted orc priest is lightly wounded.
The bezotted orc priest hits you but does no damage.
You hit the bezotted orc priest but do no damage.
The bezotted orc priest is lightly wounded.
The bezotted orc priest calls down the wrath of Beogh upon you.
Beogh smites you!
You die...

.....###.###......#
.#...........#†#.####
....$.#..##..).#....#
#......#....##.##...#
#:.....o##o.##..#...#
#.......###(##..#...#
#..o....# #.##.....>#
#.<....# #).#.##...#
##......# #..#@.#...#
##........# #..o).....#
..........# #.##>.....#
.##.......# #.##......#
#........#....##...####
#.#...$.## ...##....#
..###..## ... .....#
..# ..# #### ##...#
........ ...#


You could see a bezotted orc priest.

Vanquished Creatures
  Sigmund (D:6)
  Eustachio (D:4)
  A water moccasin (D:5)
  An orc warrior (D:6)
  2 ice beasts
  A phantom (D:5)
  A centaur (D:5)
  A bullfrog (D:5)
  A water moccasin skeleton (D:4)
  2 scorpions (D:5)
  3 killer bees (D:4)
  2 howler monkeys (D:5)
  3 crimson imps (D:5)
  A centaur zombie (D:5)
  A jelly (D:3)
  2 orc priests (D:3)
  A centaur skeleton (D:6)
  2 gnoll shamans (D:5)
  An orc wizard (D:3)
  2 hounds
  Natasha (thrice) (D:3)
  3 iguanas
  4 worker ants
  Terence (D:3)
  9 adders
  15 gnolls
  An ooze (D:5)
  A worm (D:4)
  3 dart slugs
  6 leopard geckos
  10 orcs
  2 giant cockroaches
  6 goblins
  7 hobgoblins
  15 jackals
  2 kobolds (D:2)
  4 quokkas
  11 bats
  3 frilled lizards
  11 rats
147 creatures vanquished.

Notes
Turn   | Place    | Note
-------+----------+-------------------------------------------
     0 | D:1      | Implojin the Mummy Fighter began the quest for the Orb.
     0 | D:1      | Reached XP level 1. HP: 18/18 MP: 1/1
   211 | D:1      | Reached skill level 2 in Unarmed Combat
   356 | D:1      | Reached XP level 2. HP: 24/24 MP: 2/2
  1063 | D:2      | Reached XP level 3. HP: 8/29 MP: 3/3
  1374 | D:2      | Reached skill level 3 in Unarmed Combat
  1785 | D:3      | Noticed Terence
  1787 | D:3      | Killed Terence
  1798 | D:3      | Reached XP level 4. HP: 35/35 MP: 4/4
  1925 | D:3      | Noticed Natasha
  1933 | D:3      | Killed Natasha
  1933 | D:3      | Reached skill level 4 in Unarmed Combat
  2255 | D:3      | Noticed Natasha
  2272 | D:3      | Killed Natasha
  2272 | D:3      | Reached XP level 5. HP: 27/41 MP: 5/5
  2402 | D:3      | Noticed Natasha
  2415 | D:3      | Killed Natasha
  2450 | D:3      | Noticed an ogre
  2580 | D:2      | Reached skill level 5 in Unarmed Combat
  3096 | D:2      | Reached XP level 6. HP: 44/47 MP: 6/6
  3684 | D:4      | Noticed Eustachio
  3965 | D:3      | Reached skill level 6 in Unarmed Combat
  4278 | D:4      | Killed Eustachio
  4278 | D:4      | Reached skill level 4 in Fighting
  4278 | D:4      | Reached XP level 7. HP: 47/54 MP: 7/7
  4418 | D:4      | Reached skill level 5 in Fighting
  4913 | D:4      | Found a staircase to the Ecumenical Temple.
  4917 | D:4      | Found a basalt altar of Yredelemnul.
  4922 | Temple   | Entered the Ecumenical Temple
  5280 | D:5      | Entered Level 5 of the Dungeon
  5287 | D:5      | Reached skill level 6 in Fighting
  5544 | D:5      | Found Puludepa's Antique Armour Emporium.
  5557 | D:5      | Reached XP level 8. HP: 60/64 MP: 8/8
  5904 | D:5      | Reached skill level 7 in Unarmed Combat
  6458 | D:5      | Reached skill level 8 in Unarmed Combat
  6938 | D:5      | Found a glowing silver altar of Zin.
  7406 | D:6      | Found an opulent altar of Gozag.
  7496 | D:6      | Noticed Sigmund
  7528 | D:5      | Reached XP level 9. HP: 54/69 MP: 9/9
  7631 | D:5      | Reached skill level 9 in Unarmed Combat
  7670 | D:6      | Found a shadowy altar of Dithmenos.
  7734 | D:6      | Killed Sigmund
  7850 | D:6      | Reached skill level 7 in Fighting
  7910 | D:6      | Killed from afar by a bezotted orc priest

Vault maps used:
D:1:      minmay_arrival_plants_in_alcoves
D:3:      minmay_misc_feat_encased, uniq_natasha, uniq_terence
D:4:      nicolae_overflow_hidden_temple, first_bread, uniq_eustachio
D:5:      zin_scriptorium, serial_shops, nicolae_shop_trees
D:6:      lemuel_doored_altar, nicolae_dithmenos_through_a_glass_darkly,
          marbit_many_paths, overflow_temple_1_default, uniq_sigmund
Temple:   hc_temple_tempest_star

Skill      XL: |  1  2  3  4  5  6  7  8  9 |
---------------+----------------------------+-----
Unarmed Combat | 2 3 4 5 6 8 9 |  9.0
Fighting       | 4 6 7 |  7.0
Armour         | |  2.4
Shields        | |  2.4

Action                   |  1- 3 |  4- 6 |  7- 9 || total
-------------------------+-------+-------+-------++-------
Melee: Unarmed           |   166 |   235 |   389 ||   790
       Dagger            |       |    30 |    74 ||   104
Throw: Javelin           |       |       |     3 ||     3
Evoke: Wand              |     2 |     3 |       ||     5
  Use: Scroll            |     1 |     5 |     6 ||    12
Armor: Scale mail        |    78 |    83 |   158 ||   319
Dodge: Dodged            |    44 |    53 |   112 ||   209
Block: Shield            |    62 |   100 |   162 ||   324

Table legend:
 A = Turns spent in this place as a percentage of turns spent in the entire game.
 B = Non-inter-level travel turns spent in this place as a percentage of non-inter-level travel turns spent in the entire game.
 C = Inter-level travel turns spent in this place as a percentage of turns spent in this place.
 D = Turns resting spent in this place as a percentage of non-inter-level travel turns spent in this place.
 E = Turns spent auto-exploring this place as a percentage of non-inter-level travel turns spent in this place.
 F = Non-inter-level travel turns spent in this place divided by the number of levels of this place that you've seen.
                   A       B       C       D       E      F
               +-------+-------+-------+-------+-------+----------------------
         Total | 100.0 | 100.0 |   0.5 |   4.2 |   5.1 | 366.7
       Dungeon |  99.1 |  99.1 |   0.5 |   4.2 |   4.7 | 424.2
        Temple |   0.9 |   0.9 |   4.3 |   0.0 |  54.5 |  22.0
               +-------+-------+-------+-------+-------+----------------------

Table legend:
 A = Kills in this place as a percentage of kills in entire the game.
 B = Kills by you in this place as a percentage of kills by you in the entire game.
 C = Kills by friends in this place as a percentage of kills by friends in the entire game.
 D = Other kills in this place as a percentage of other kills in the entire game.
 E = Experience gained in this place as a percentage of experience gained in the entire game.
 F = Experience gained in this place divided by the number of levels of this place that you have seen.
                   A       B       C       D       E      F
               +-------+-------+-------+-------+-------+----------------------
         Total | 100.0 | 100.0 |  -nan |  -nan | 100.0 | 465.6
       Dungeon | 100.0 | 100.0 |  -nan |  -nan | 100.0 | 543.2
               +-------+-------+-------+-------+-------+----------------------
